 Dungeon Crawl Stone Soup version 0.31-a0-240-gb923e448b6 (webtiles) character file.

Game seed: 10514406330641012007

21 qw the Shooter (level 2, -6/24 HPs)
             Began as a Minotaur Hexslinger on July 12, 2023.
             Mangled by Sigmund
             ... wielding a +0 scythe
              (8 damage)
             ... on level 2 of the Dungeon.
             The game lasted 00:00:20 (960 turns).

qw the Shooter (Minotaur Hexslinger)                 Turns: 960, Time: 00:00:20

Health: -6/24      AC:  5    Str: 11 (12) XL:     2   Next: 62%
Magic:  2/2        EV: 10    Int:  9 (10) God:
Gold:   77         SH:  0    Dex:  9 (12) Spells: 2/3 levels left

rFire   . . .        Y - +1 sling
rCold   . . .        (no shield)
rNeg    . . .        e - +0 ring mail
rPois   .            (helmet restricted)
rElec   .            (no cloak)
rCorr   .            (no gloves)
SInv    .            (no boots)
Will    .....        (no amulet) Stlth
                     (no ring)
HPRegen 0.24/turn    (no ring)
MPRegen 0.08/turn

%: no passive effects
@: no status effects
A: horns 2, retaliatory headbutt
a: no special abilities


You were on level 2 of the Dungeon.
You visited 1 branch of the dungeon, and saw 2 of its levels.

You collected 77 gold pieces.


Innate Abilities, Weirdness & Mutations

You have a pair of horns on your head.
You reflexively headbutt those who attack you in melee.


   Skills:
 - Level 2.0 Fighting
 + Level 3.2 Ranged Weapons
 - Level 2.1 Dodging
 - Level 1.0 Spellcasting
 - Level 2.0 Hexes


You had 2 spell levels left.
You knew the following spells:

 Your Spells              Type           Power      Damage    Failure   Level
a - Slow                  Hex            16%        N/A       36%         1

Your spell library contained the following spells:

 Spells                   Type           Power      Damage    Failure   Level
 Inner Flame              Hex/Fire       2%         N/A       87%         3
 Portal Projectile        Hex/Tloc       4%         N/A       87%         3
 Cause Fear               Hex            2%         N/A       98%         4

Inventory:

Hand Weapons
 Y - a +1 sling (weapon)
Armour
 e - a +0 ring mail (worn)
Scrolls
 a - a scroll of identify
Potions
 d - a potion of haste {unknown}
 f - a potion of berserk rage {unknown}
 i - a potion of lignification {unknown}
 l - a potion of invisibility {unknown}

Dungeon Overview and Level Annotations

Branches:
Dungeon (2/15)

Altars:

Annotations:
D:2 Sigmund


Message History

Enter note:
Found a scroll of fear.
Enter note: Sigmund the Dreaded comes into view.
He is wielding a +0 scythe.
Sigmund shouts!
Sigmund points at you and mumbles some strange words.
You are confused.
Enter note:
948 ||| DRINKING potion of curing.
You feel better.
948 ||| (to cure confusion) Sigmund gestures at you while chanting.
The puff of flame hits you!
You shoot a sling bullet.
The sling bullet closely misses Sigmund.
You shoot a sling bullet.
The sling bullet closely misses Sigmund.
Sigmund hits you from afar with a +0 scythe!
You shoot a sling bullet. The sling bullet hits Sigmund.
Sigmund is lightly wounded.
Sigmund completely misses you.
You shoot a sling bullet.
The sling bullet closely misses Sigmund.
Sigmund gestures at you while chanting.
You are confused.
Sigmund points at you and mumbles some strange words.
You resist with significant effort. Sigmund casts a spell at you.
The puff of flame misses you.
Sigmund hits you from afar with a +0 scythe.
Sigmund misses you. Sigmund closely misses you.
You feel less confused. Sigmund gestures at you while chanting.
The magic dart hits you.
You shoot a sling bullet.
The sling bullet hits Sigmund but does no damage.
Sigmund is lightly wounded.
Sigmund is suddenly surrounded by pale green light.
Sigmund hits you from afar with a +0 scythe!
You die...

...............#......
............####......
.._...................%
?..........#...........
..##.##..##...........
..#...#..###...........
.....@#..# ######.#...#
##.+.##...# #.#...#
.......@..# #.#####
####..##### #.#####
....# #...... #####
#######


You could see Sigmund.

Vanquished Creatures
  A dart slug (D:1)
  An endoplasm (D:1)
  A goblin (D:1)
  4 hobgoblins (D:1)
  2 jackals (D:1)
  A quokka (D:1)
  2 ball pythons (D:1)
  2 frilled lizards
  A kobold (D:1)
  2 rats
17 creatures vanquished.

Notes
Turn   | Place    | Note
-------+----------+-------------------------------------------
     0 | D:1      | qw the Minotaur Hexslinger began the quest for the Orb.
     0 | D:1      | Reached XP level 1. HP: 16/16 MP: 1/1
     0 | D:1      | 0 ||| qw: Version: 0.3-a-52-g30416fa
     0 | D:1      | 0 ||| qw: Game counter: 6161
     0 | D:1      | 0 ||| qw: Melee chars always use a shield: true
     0 | D:1      | 0 ||| qw: God list: Okawaru
     0 | D:1      | 0 ||| qw: Allow faded altars: false
     0 | D:1      | 0 ||| qw: Do Orc after clearing Dungeon:15 true
     0 | D:1      | 0 ||| qw: Do second Lair branch before Depths: true
     0 | D:1      | 0 ||| qw: Lair rune preference: random
     0 | D:1      | 0 ||| qw: Goals: Normal
     0 | D:1      | 0 ||| PLANNING D:1-11
   213 | D:1      | 213 ||| FLEEEEING.
   214 | D:1      | 214 ||| FLEEEEING.
   219 | D:1      | 219 ||| FLEEEEING.
   220 | D:1      | 220 ||| FLEEEEING.
   251 | D:1      | Reached skill level 3 in Ranged Weapons
   251 | D:1      | Reached XP level 2. HP: 21/23 MP: 2/2
   852 | D:1      | 852 ||| UPGRADING to +0 ring mail.
   862 | D:1      | 862 ||| DROPPING +0 robe.
   863 | D:1      | 863 ||| READING 2 scrolls labelled UTUURU ODWITRU.
   864 | D:1      | 864 ||| READING scroll labelled JUFACH NOTIEH.
   865 | D:1      | 865 ||| READING scroll labelled TUABYN TULAA.
   869 | D:1      | 869 ||| DRINKING 2 dark potions.
   870 | D:1      | 870 ||| DRINKING 2 viscous brown potions.
   871 | D:1      | 871 ||| DROPPING scroll of poison.
   872 | D:1      | 872 ||| DROPPING potion of degeneration.
   942 | D:2      | Found a faded altar of an unknown god.
   947 | D:2      | Noticed Sigmund
   948 | D:2      | 948 ||| DRINKING potion of curing.
   948 | D:2      | 948 ||| (to cure confusion)
   955 | D:2      | HP: 4/24 [Sigmund/+0 scythe (5)]
   960 | D:2      | Mangled by Sigmund

Levels and vault maps discovered:
D:1:      minmay_arrival_checkered_box, layout_basic, kennysheep_boxes
D:2:      layout_basic, serial_undead, serial_undead_d, serial_undead_a,
          serial_undead_f, serial_undead_b, hellmonk_ecumenical_altar_blasted,
          hangedman_abyss_or_decor_lesser_grid, uniq_terence, uniq_sigmund

Skill      XL: |  1  2 |
---------------+-------+-----
Ranged Weapons | 3 |  3.2
Fighting       | 2 |  2.0
Dodging        | |  2.1
Spellcasting   | |  1.0
Hexes          | |  2.0

Action                     || total
---------------------------++-------
   Fire: Sling             ||    47
    Use: Scroll            ||     3
         Potion            ||     3
 Armour: Robe              ||     3
  Dodge: Dodged            ||    17

Table legend:
 A = Non-vault XP
 B = Vault XP
 C = Vault XP percentage of total XP
 D = Non-vault monster count
 E = Vault monster count
 F = Vault count percentage of total count
                 A         B        C        D         E       F
            +---------+---------+-------+---------+---------+-------
      Total |      30 |       0 |   0.0 |      17 |       0 |   0.0
            +---------+---------+-------+---------+---------+-------
        D:1 |      28 |       0 |   0.0 |      15 |       0 |   0.0
        D:2 |       2 |       0 |   0.0 |       2 |       0 |   0.0
            +---------+---------+-------+---------+---------+-------
